 Dungeon Crawl Stone Soup version 0.31.0-1-g2c135a0 (webtiles) character file.

Game seed: 1125922111004894516

6195 Vixxxy the Protected (level 10, -11/91 HPs)
             Began as a Minotaur Fighter on Mar 15, 2024.
             Was a Priest of Okawaru.
             Mangled by a death yak (13 damage)
             ... on level 8 of the Dungeon.
             The game lasted 00:15:58 (7284 turns).

Vixxxy the Protected (Minotaur Fighter)             Turns: 7284, Time: 00:15:59

Health: -11/91     AC: 15    Str: 22    XL:     10   Next: 61%
Magic:  19/20      EV: 18    Int:  5    God:    Okawaru [***...]
Gold:   265        SH: 11    Dex: 13    Spells: 9/9 levels left

rFire   . . .        F - +5 war axe (freeze)
rCold   + . .        c - +0 buckler
rNeg    + . .        b - +0 scale mail
rPois   .            (helmet restricted)
rElec   +            q - +0 cloak
rCorr   .            (no gloves)
SInv    .            s - +0 pair of boots
Will    .....        y - amulet "Ruudesuwn" {Reflect rElec rC+ MP+9 SH+5} Stlth
                     r - ring "Cousucru" {rN+ AC+4}
HPRegen 0.35/turn    C - +5 ring of evasion
MPRegen 0.17/turn

%: reflection
@: no status effects
A: horns 2, retaliatory headbutt
a: Renounce Religion, Heroism


You were on level 8 of the Dungeon.
You worshipped Okawaru.
Okawaru was most pleased with you.
You visited 2 branches of the dungeon, and saw 9 of its levels.
You also visited: Ossuary.

You collected 265 gold pieces.

Inventory:

Hand Weapons
 p - a +0 dire flail
 F - a +5 war axe of freezing (weapon)
Missiles
 j - 7 throwing nets
 t - 25 poisoned darts (quivered)
Armour
 a - +0 steam dragon scales
 b - a +0 scale mail (worn)
 c - a +0 buckler (worn)
 q - a +0 cloak (worn)
 s - a +0 pair of boots (worn)
Jewellery
 e - a ring of magical power
 g - a ring of willpower
 l - a ring of see invisible
 r - the ring "Cousucru" (left hand) {rN+ AC+4}
   (You acquired it on level 5 of the Dungeon)

   [ring of protection]

   AC+4:      It affects your AC (+4).
   rN+:       It protects you from negative energy.
 y - the amulet "Ruudesuwn" (around neck) {Reflect rElec rC+ MP+9 SH+5}
   (You acquired it on level 5 of the Dungeon)

   [amulet of reflection]

   Reflect:   It reflects blocked missile attacks.
   rC+:       It protects you from cold.
   rElec:     It insulates you from electricity.
   MP+9:      It affects your magic capacity (+9).
   SH+5:      It affects your SH (+5).
 C - a +5 ring of evasion (right hand)
Scrolls
 f - a scroll of identify
 u - a scroll of amnesia
 x - 2 scrolls of teleportation
 A - a scroll of brand weapon {unknown}
 D - a scroll of poison
 E - a scroll of vulnerability
 H - a scroll of blinking
 I - a scroll of noise {unknown}
Potions
 d - a potion of might
 h - 3 potions of mutation
 i - a potion of invisibility
 k - 4 potions of lignification
 m - 2 potions of enlightenment
 n - 4 potions of berserk rage
 o - 3 potions of curing {unknown}
 v - 2 potions of haste {unknown}
 w - 2 potions of heal wounds {unknown}
 z - a potion of degeneration {unknown}
 B - a potion of brilliance {unknown}
 G - a potion of magic {unknown}


   Skills:
 * Level 9.6 Fighting
 * Level 9.3 Axes
 * Level 9.6 Armour
 * Level 8.0 Dodging
 + Level 7.5 Shields
 * Level 2.8 Invocations


You had 9 spell levels left.
You didn't know any spells.
Your spell library contained the following spells:

 Spells                   Type           Power      Damage    Failure   Level
 Ensorcelled Hibernation  Hex/Ice        0%         N/A       91%         2
 Static Discharge         Conj/Air       0%         3-3/arc   91%         2
 Passwall                 Erth           0%         N/A       99%         3
 Sigil of Binding         Hex            0%         N/A       99%         3
 Swiftness                Air            0%         N/A       99%         3
 Airstrike                Air            0%         2d(0-16)  100%        4
 Dimensional Bullseye     Hex/Tloc       0%         N/A       100%        4
 Call Canine Familiar     Summ           Unusable   N/A       N/A         3
 Summon Lightning Spire   Summ/Air       Unusable   N/A       N/A         4

Dungeon Overview and Level Annotations

Branches:
Dungeon (8/15)             Temple (1/1) D:6         Ossuary (visited)
   Lair: D:8-11

Altars:
Cheibriados
Dithmenos
Elyvilon
Fedhas
Gozag
Hepliaklqana
Kikubaaqudgha
Makhleb
Nemelex Xobeh
Okawaru
Qazlal
Ru
Trog
Uskayaw
Vehumet
Wu Jian
Xom
Yredelemnul
Zin
The Shining One

Shops:
D:1 *   D:6 :


Innate Abilities, Weirdness & Mutations

You have a pair of horns on your head.
You reflexively headbutt those who attack you in melee.


Message History

You slice the death yak!! You freeze the death yak.
You kill the death yak!
Okawaru is honoured by your kill.
Your Axes skill increases to level 9!
Your Invocations skill increases to level 2!
You slash the death yak! You freeze the death yak.
You headbutt the death yak, but do no damage.
The death yak is lightly wounded.
The death yak completely misses you. You furiously retaliate!
You headbutt the death yak. You slash the death yak! You freeze the death yak.
The death yak is moderately wounded.
The death yak misses you. You furiously retaliate!
You headbutt the death yak! You slash the death yak! You freeze the death yak.
Your headbutt misses the death yak.
The death yak is severely wounded.
The death yak gores you!
* * * LOW HITPOINT WARNING * * *
You hit the death yak. You freeze the death yak. You headbutt the death yak.
The death yak is almost dead.
The death yak gores you but does no damage.
You slash the death yak! You freeze the death yak.
You kill the death yak!
Okawaru is honoured by your kill.
Your Dodging skill increases to level 8!
Unknown command.
You hit the death yak but do no damage. You headbutt the death yak!
The death yak is lightly wounded.
The death yak gores you!
* * * LOW HITPOINT WARNING * * *
You hit the death yak. You freeze the death yak.
The death yak is moderately wounded.
The death yak gores you but does no damage.
You hit the death yak but do no damage. You headbutt the death yak.
The death yak is moderately wounded.
You block the death yak's attack. The death yak closely misses you.
You slash the death yak! You freeze the death yak! You headbutt the death yak!
The death yak is severely wounded.
The death yak gores you!
You die...

######..................
........................
....<...............>...
..................
.................
..(..........>..
.........######.
.........#####..
......##@.......
.......Y#####...
..)..... ....... ..#.#..
#...../ ....... #. ....


You could see a death yak.

Vanquished Creatures
  4 death yaks (D:8)
  Joseph (D:7)
  Maggie (D:6)
  Grinder (D:3)
  A wyvern (D:7)
  An orc warrior (D:7)
  A black bear (D:5)
  An ice beast (D:7)
  2 kobold brigands
  6 bullfrogs
  A gnoll sergeant (D:5)
  A scorpion (D:6)
  4 wights (D:6)
  2 howler monkeys
  5 bullfrog zombies (Ossuary)
  3 gnoll boudas
  3 jellies
  3 orc priests
  A sleepcap (D:6)
  3 hounds
  3 iron imps (D:7)
  Jessica (D:3)
  Crazy Yiuf (D:6)
  9 orc wizards
  3 iguanas
  4 crocodile zombies (Ossuary)
  3 hound zombies
  2 hound skeletons (D:4)
  9 mummies (Ossuary)
  A howler monkey zombie (Ossuary)
  21 gnolls
  8 adders
  A white imp (D:5)
  An adder zombie (D:4)
  4 dart slugs
  7 ribbon worms
  23 orcs
  9 ball pythons
  3 endoplasms
  6 giant cockroaches
  7 goblins
  A hobgoblin (D:2)
  8 jackals
  9 quokkas
  5 ball python zombies (Ossuary)
  3 bats (D:1)
  4 frilled lizards
  11 kobolds
  6 rats (D:1)
218 creatures vanquished.

Notes
Turn   | Place    | Note
-------+----------+-------------------------------------------
     0 | D:1      | Vixxxy the Minotaur Fighter began the quest for the Orb.
     0 | D:1      | Reached XP level 1. HP: 19/19 MP: 0/0
    69 | D:1      | Reached XP level 2. HP: 27/27 MP: 1/1
   229 | D:1      | Reached XP level 3. HP: 33/33 MP: 2/2
   455 | D:1      | Found Ysigumog's Assorted Antiques.
   628 | D:2      | Reached skill level 1 in Dodging
   813 | D:2      | Reached XP level 4. HP: 33/40 MP: 3/3
  1215 | D:2      | You fall into a shaft and drop 1 floor!
  1253 | D:3      | Noticed Grinder
  1256 | D:3      | Paralysed by Grinder for 3 turns
  1440 | D:3      | Noticed Jessica
  1451 | D:3      | Killed Jessica
  1454 | D:3      | Reached XP level 5. HP: 20/47 MP: 4/4
  1961 | D:3      | Killed Grinder
  1962 | D:3      | Reached skill level 5 in Fighting
  1962 | D:3      | Reached skill level 5 in Armour
  1962 | D:3      | Reached XP level 6. HP: 55/56 MP: 5/5
  2003 | D:4      | Found a glowing silver altar of Zin.
  2003 | D:4      | Found a white marble altar of Elyvilon.
  2048 | D:4      | HP: 1/56 [gnoll/+0 halberd[a gnoll bouda] (3)]
  2049 | D:4      | Reached XP level 7. HP: 1/61 MP: 6/6
  2307 | D:4      | Found a sand-covered staircase.
  2321 | Ossuary  | Entered an ossuary
  2351 | Ossuary  | Reached skill level 5 in Axes
  2431 | Ossuary  | Reached skill level 5 in Shields
  3188 | Ossuary  | Reached XP level 8. HP: 36/70 MP: 7/7
  4229 | D:5      | Entered Level 5 of the Dungeon
  4235 | D:5      | Identified 2 scrolls of acquirement
  4235 | D:5      | Acquired the ring "Cousucru" {rN+ AC+4}
  4237 | D:5      | Acquired the amulet "Ruudesuwn" {Reflect rElec rC+ MP+9
                  | SH+5}
  4425 | D:5      | Reached skill level 5 in Dodging
  5240 | D:6      | Found a shadowy altar of Dithmenos.
  5255 | D:6      | Reached XP level 9. HP: 16/79 MP: 8/8
  5580 | D:6      | Noticed Maggie
  5593 | D:6      | Killed Maggie
  5746 | D:6      | Found a staircase to the Ecumenical Temple.
  5786 | Temple   | Entered the Ecumenical Temple
  5795 | Temple   | Became a worshipper of Warmaster Okawaru
  5810 | D:6      | Found Vashreumi's Book Boutique.
  6134 | D:6      | Found a runed translucent door.
  6135 | D:6      | Noticed Crazy Yiuf
  6255 | D:6      | Killed Crazy Yiuf
  6348 | D:7      | Noticed Joseph
  6359 | D:7      | Killed Joseph
  6600 | D:7      | Found a burning altar of Makhleb.
  6689 | D:7      | Reached * piety under Okawaru
  6876 | D:7      | Found an ornate altar of the Wu Jian Council.
  7031 | D:7      | Reached XP level 10. HP: 89/90 MP: 9/9
  7248 | D:8      | Noticed a death yak
  7248 | D:8      | Noticed a death yak
  7250 | D:8      | Noticed a death yak
  7251 | D:8      | Noticed a death yak
  7254 | D:8      | Noticed a death yak
  7261 | D:8      | Killed a death yak
  7261 | D:8      | Reached ** piety under Okawaru
  7262 | D:8      | Reached skill level 1 in Invocations
  7268 | D:8      | Killed a death yak
  7275 | D:8      | Killed a death yak
  7275 | D:8      | Reached *** piety under Okawaru
  7280 | D:8      | Killed a death yak
  7281 | D:8      | HP: 1/91 [death yak (10)]
  7284 | D:8      | Mangled by a death yak

Illustrated notes

Levels and vault maps discovered:
D:1:      dpeg_arrival_shelter, layout_basic, serial_shops, shop
D:2:      layout_loops_ring, nicolae_wormholes
D:3:      layout_rooms, nicolae_twisty_statue_hallways, uniq_jessica,
          uniq_grinder
D:4:      nicolae_cairo_tiling_very_big, layout_basic,
          nicolae_overflow_two_pavilions, mainiacjoe_ossuary_entry_find_the_door
D:5:      layout_loops_corners
D:6:      layout_cave_pools, nicolae_dithmenos_the_darkroom,
          minmay_temple_entry_wispy, serial_shops, shop,
          uniq_crazy_yiuf_cottage, uniq_maggie
D:7:      layout_basic, nzn_wu_jian_council_hall, demons_altar, uniq_joseph
D:8:      layout_basic, dpeg_lair_monsters, glass_columns_a
Temple:   minmay_freezing_vapour_temple

Skill      XL: |  1  2  3  4  5  6  7  8  9 10 |
---------------+-------------------------------+-----
Axes           | 3 4 5 7 8 9 |  9.3
Fighting       | 4 5 6 7 8 9 |  9.6
Armour         | 4 5 6 7 8 9 |  9.6
Dodging        | 1 2 3 4 5 7 8 |  8.0
Shields        | 4 5 6 7 |  7.5
Invocations    | 2 |  2.8

Action                     |  1- 3 |  4- 6 |  7- 9 | 10-12 || total
---------------------------+-------+-------+-------+-------++-------
  Melee: War axe           |    71 |    82 |   345 |    38 ||   536
         Headbutt          |    11 |    14 |    66 |    13 ||   104
    Use: Scroll            |     1 |     5 |    12 |       ||    18
 Armour: Scale mail        |    52 |    65 |   179 |    15 ||   311
  Dodge: Dodged            |    34 |    52 |   251 |    12 ||   349
  Block: Buckler           |    20 |    30 |   140 |    14 ||   204
         Reflection        |       |       |     1 |       ||     1
